 Dungeon Crawl Stone Soup version 0.32-a0-656-g3542139ebd (webtiles) character file.

Game seed: 9816274770428576460

443 smashvw the Caller (level 6, -4/29 HPs)
             Began as a Felid Summoner on Mar 8, 2024.
             Was an Initiate of Kikubaaqudgha.
             Slain by Duvessa
             ... wielding a +0 short sword
              (8 damage)
             ... on level 4 of the Dungeon on Mar 9, 2024.
             The game lasted 00:15:25 (3629 turns).

smashvw the Caller (Felid Summoner)                 Turns: 3629, Time: 00:15:25

Health: -4/29      AC:  2    Str:  4    XL:     6   Next: 71%
Magic:  1/13       EV: 17    Int: 21    God:    Kikubaaqudgha [......]
Gold:   169        SH:  0    Dex: 16    Spells: 2/13 levels left
                                        Lives:  0   Deaths: 2

rFire   . . .        (weapon unavailable)
rCold   . . .        (shield unavailable)
rNeg    . . .        (body armour unavailable)
rPois   .            (helmet unavailable)
rElec   .            (cloak unavailable)
rCorr   .            (gloves unavailable)
SInv    +            (boots unavailable)
Will    .....        (no amulet)
Stlth   ++           (no ring)
HPRegen 0.24/turn    (no ring)
MPRegen 0.13/turn

%: no passive effects
@: no status effects
A: very small, claws 1, fangs 3, see invisible, shaggy fur 2, stealthy paws, no
weapons or thrown items, no armour, multi-lived
a: Renounce Religion


You were on level 4 of the Dungeon.
You worshipped Kikubaaqudgha.
Kikubaaqudgha was noncommittal.
You visited 2 branches of the dungeon, and saw 5 of its levels.

You collected 169 gold pieces.

Inventory:

Jewellery
 h - a +6 ring of dexterity
Wands
 p - a wand of iceblast (4) (quivered)
Scrolls
 c - 2 scrolls of enchant weapon
 e - 3 scrolls of identify
 f - 2 scrolls of immolation
 k - a scroll of revelation {unknown}
 l - a scroll of blinking {unknown}
 n - a scroll of vulnerability {unknown}
 o - a scroll of noise {unknown}
Potions
 a - 3 potions of magic
 b - a potion of heal wounds
 d - a potion of cancellation {unknown}
 g - 2 potions of curing {unknown}
 i - a potion of haste {unknown}
 j - 2 potions of might {unknown}
Miscellaneous
 m - a sack of spiders (inert)


   Skills:
 + Level 0.6 Fighting
 + Level 3.0 Dodging
 + Level 3.1 Stealth
 + Level 4.1 Spellcasting
 + Level 5.7 Summonings
 + Level 2.3 Fire Magic
 - Level 2.0 Evocations


You had 2 spell levels left.
You knew the following spells:

 Your Spells              Type           Power      Damage    Failure   Level
a - Summon Small Mammal   Summ           100%       N/A       1%          1
b - Call Canine Familiar  Summ           28%        N/A       3%          3
c - Summon Ice Beast      Ice/Summ       16%        N/A       11%         3
d - Summon Lightning Spi  Summ/Air       16%        N/A       36%         4

Your spell library contained the following spells:

 Spells                   Type           Power      Damage    Failure   Level
 Call Imp                 Summ           56%        N/A       1%          2
 Apportation              Tloc           8%         N/A       12%         1
 Slow                     Hex            16%        N/A       12%         1
 Jinxbite                 Hex            8%         N/A       19%         2
 Summon Blazeheart Golem  Fire/Summ      21%        N/A       22%         4
 Confusing Touch          Hex            4%         N/A       34%         3
 Hailstorm                Conj/Ice       4%         3d5       34%         3
 Sigil of Binding         Hex            4%         N/A       34%         3
 Vampiric Draining        Necr           4%         2d6       34%         3
 Alistair's Intoxication  Alch           2%         N/A       97%         5
 Sculpt Simulacrum        Ice/Alch       2%         N/A       100%        6


Dungeon Overview and Level Annotations

Branches:
Dungeon (4/15)             Temple (1/1) D:4

Altars:
Ashenzari
Cheibriados
Dithmenos
Elyvilon
Fedhas
Gozag
Hepliaklqana
Kikubaaqudgha
Makhleb
Nemelex Xobeh
Okawaru
Qazlal
Ru
Sif Muna
Trog
Uskayaw
Vehumet
Wu Jian
Xom
Yredelemnul
Zin
The Shining One

Shops:
D:1 (

Annotations:
D:4 Duvessa


Innate Abilities, Weirdness & Mutations

You have sharp claws.
You have razor-sharp teeth.
You have supernaturally acute eyesight. (SInv)
You are covered in thick fur. (AC +2)
Your paws help you pounce on unaware monsters.
You are incapable of wielding weapons or throwing items.
You cannot wear armour.
You gain extra lives every three experience levels.


Message History

Casting: Summon Ice Beast (quite dangerous; 11% risk of failure)
Confirm with . or Enter, or press ? or * to list all spells.
Okay, then.
Casting: Summon Ice Beast (quite dangerous; 11% risk of failure)
Confirm with . or Enter, or press ? or * to list all spells.
A chill wind blows around you. Duvessa misses you. Duvessa closely misses you.
There is an open door here.
Duvessa hits you with a +0 short sword. Duvessa barely misses you.
You swap places.
Duvessa hits you with a +0 short sword.
* * * LOW HITPOINT WARNING * * *
Your ice beast hits Duvessa but does no damage.
There is an open door, spattered with blood here.
Duvessa hits your ice beast with a +0 short sword!
The quokka bites your ice beast.
Duvessa hits your ice beast with a +0 short sword!
Your ice beast dies!
Your ice beast disappears in a puff of smoke!
Aiming: Iceblast
Press: ? - help, Q - select action, (/) - cycle Shift-Dir - straight line, f/p - Duvessa
Aim: Duvessa, wielding a +0 short sword and wearing a +0 leather armour of positive energy (severely wounded, berserk)
The mass of ice explodes!
The iceblast engulfs Duvessa!
Duvessa is almost dead.
The iceblast engulfs the quokka!
You kill the quokka!
Kikubaaqudgha accepts your kill.
Aiming: Iceblast
Press: ? - help, Q - select action, (/) - cycle Shift-Dir - straight line, f/p - Duvessa
Aim: Duvessa, wielding a +0 short sword and wearing a +0 leather armour of positive energy (almost dead, berserk)
Okay, then.
Okay, then.
You remove your +6 ring of dexterity.
You feel clumsy. Duvessa hits you with a +0 short sword.
* * * LOW HITPOINT WARNING * * *
As you read the scroll labelled XIERUFFOIR, it crumbles to dust.
It is a scroll of identify.
c - 2 scrolls of enchant weapon Duvessa barely misses you.
Duvessa hits you with a +0 short sword!
You die...
Kikubaaqudgha rasps: You have failed me!
Welcome... death!

#....####...#.....#..)##....##
##+#.########.....######....#.
#......# ######## #....#.
.#......# #....... ######.
........# #....... #. #......#
#...... #. #......###..... #.
#.....#...+###### #.
#'...e@....... #
#########'.##'#######.
#..........#........#.
#..........#........#.#
#..........#........#.#
#..).......#........#.#########
#..........#........#.#........
+..........#.)......#.#........
########...#........#..........


You could see Duvessa (berserk).

Vanquished Creatures
  Ijyb (D:3)
  A gnoll (D:3)
  A dart slug (D:2)
  An orc (D:3)
  An endoplasm (D:3)
  A hobgoblin (D:2)
  4 quokkas
10 creatures vanquished.

Vanquished Creatures (collateral kills)
  Eustachio (D:4)
  Dowan (D:4)
  A gnoll bouda (D:4)
  2 iguanas (D:4)
  Natasha (D:4)
  3 gnolls (D:4)
  4 adders
  A dart slug (D:3)
  A ribbon worm (D:2)
  2 orcs (D:4)
  A ball python (D:3)
  A bat (D:2)
  5 endoplasms
  3 giant cockroaches
  2 hobgoblins
  5 jackals
  6 kobolds
  5 goblins
  2 rats (D:2)
47 creatures vanquished.

Grand Total: 57 creatures vanquished

Notes
Turn   | Place    | Note
-------+----------+-------------------------------------------
     0 | D:1      | smashvw the Felid Summoner began the quest for the Orb.
     0 | D:1      | Reached XP level 1. HP: 9/9 MP: 4/4
   245 | D:1      | Found Vapleng's Weapon Boutique.
   322 | D:1      | You fall into a shaft and drop 1 floor!
   381 | D:2      | Reached XP level 2. HP: 13/13 MP: 1/6
  1112 | D:2      | Reached XP level 3. HP: 16/16 MP: 5/8
  1686 | D:3      | Noticed Ijyb
  1781 | D:3      | Killed Ijyb
  1781 | D:3      | Killed by an exploding Ijyb... ignited by their inner flame
  1781 | D:3      | Lost a life (0 lives remaining)
  1782 | D:3      | Reached XP level 4. HP: 21/21 MP: 9/9
  1782 | D:3      | Gained a life (1 life remaining)
  1879 | D:3      | Found a glowing golden altar of the Shining One.
  1902 | D:3      | Reached skill level 5 in Summonings
  2308 | D:3      | Learned a level 3 spell: Call Canine Familiar
  2312 | D:3      | Learned a level 3 spell: Summon Ice Beast
  2389 | D:3      | Slain by a gnoll
  2389 | D:3      | Lost a life (0 lives remaining)
  2597 | D:4      | Found a staircase to the Ecumenical Temple.
  2606 | Temple   | Entered the Ecumenical Temple
  2619 | Temple   | Became a worshipper of Kikubaaqudgha
  2696 | D:4      | Reached skill level 1 in Evocations
  2696 | D:4      | Reached XP level 5. HP: 24/24 MP: 11/11
  2703 | D:4      | Reached skill level 1 in Fire Magic
  3398 | D:4      | Noticed Eustachio
  3406 | D:4      | Killed Eustachio
  3407 | D:4      | Gained mutation: You are covered in thick fur. (AC +2)
                  | [Felid growth]
  3407 | D:4      | Reached XP level 6. HP: 28/28 MP: 6/13
  3487 | D:4      | Noticed Natasha
  3501 | D:4      | Learned a level 4 spell: Summon Lightning Spire
  3502 | D:4      | Killed Natasha
  3546 | D:4      | Noticed Dowan
  3558 | D:4      | Killed Dowan
  3591 | D:4      | Noticed Duvessa
  3629 | D:4      | Slain by Duvessa

Illustrated notes

Levels and vault maps discovered:
D:1:      roderic_crossed_star, layout_basic, serial_shops,
          nicolae_shop_advertising_works [nicolae_subvault_shop_adworks],
          nicolae_ecumenical_snake_handling, st_stairs_13
D:2:      layout_loops_ring
D:3:      layout_loops_cross, mainiacjoe_overflow_catwalk, minivault_5,
          nicolae_kite_square_tiling_tiny, uniq_ijyb
D:4:      layout_basic, minmay_temple_entry_antechambers, serial_glass,
          glass_columns_a, glass_columns_a, minmay_misc_feat_rugged,
          minivault_25, uniq_natasha, uniq_duvessa, uniq_crazy_yiuf_cottage,
          uniq_eustachio
Temple:   nicolae_temple_the_god_donut

Skill      XL: |  1  2  3  4  5  6 |
---------------+-------------------+-----
Spellcasting   | 3 4 |  4.1
Summonings     | 5 |  5.7
Evocations     | 1 2 |  2.0
Fire Magic     | 2 |  2.3
Dodging        | 3 |  3.0
Stealth        | 3 |  3.1
Fighting       | |  0.6

Action                     |  1- 3 |  4- 6 || total
---------------------------+-------+-------++-------
  Melee: Unarmed           |    29 |    13 ||    42
         Bite              |     1 |     1 ||     2
   Cast: Summon Small Mamm |    78 |     5 ||    83
         Summon Ice Beast  |       |    18 ||    18
         Call Canine Famil |       |    11 ||    11
  Evoke: Sack of spiders   |       |     2 ||     2
         Wand              |       |     1 ||     1
    Use: Scroll            |     1 |     1 ||     2
         Potion            |     1 |       ||     1
   Stab: Distracted        |     1 |     1 ||     2
         Sleeping          |       |     1 ||     1
 Armour: Skin              |    17 |    14 ||    31
  Dodge: Dodged            |    38 |    27 ||    65

Table legend: (Time is in decaauts)
 A = Elapsed time spent in this place.
 B = Non-inter-level travel time spent in this place.
 C = Inter-level travel time spent in this place.
 D = Time resting spent in this place.
 E = Time spent auto-exploring this place.
 F = Levels seen in this place.
 G = Mean time per level.
                   A        B        C        D        E       F      G
               +--------+--------+--------+--------+--------+-----+--------+
         Total |   3628 |   3392 |    236 |      0 |   2662 |   5 |  725.6 |
       Dungeon |   3602 |   3390 |    212 |      0 |   2662 |   4 |  900.5 |
        Temple |     26 |      2 |     24 |      0 |      0 |   1 |   26.0 |
               +--------+--------+--------+--------+--------+-----+--------+

Top non-repeatable levels by time:
     D:2: 1153 daAuts
     D:4: 1114 daAuts
     D:3: 1012 daAuts
     D:1: 322 daAuts
  Temple: 26 daAuts
